 Dungeon Crawl Stone Soup version 0.17-a0-1910-g4c791fa (webtiles) character file.

62 kae the Shooter (level 3, -1/24 HPs)
             Began as a High Elf Hunter on Sept 25, 2015.
             Slain by a gnoll
             ... wielding a +1 spear of chaos
              (2 damage)
             ... on level 2 of the Dungeon.
             The game lasted 00:02:55 (1811 turns).

kae the Shooter (High Elf Hunter)                   Turns: 1811, Time: 00:02:56

Health: -1/24      AC:  3    Str: 11    XL:     3   Next: 85%
Magic:  4/4        EV: 12    Int: 15    God:
Gold:   120        SH:  0    Dex: 16    Spells: 0 memorised, 2 levels left

rFire  . . .     SeeInvis .     a - +1 shortbow
rCold  . . .     Clarity  .     d - +0 leather armour
rNeg   . . .     SustAt   .     (no shield)
rPois  +         Gourm    .     (no helmet)
rElec  .         Spirit   .     (no cloak)
rCorr  .         Warding  .     (no gloves)
rMut   .         Stasis   .     (no boots)
MR     .....                    (no amulet)
Stlth  ++........               h - ring of wizardry
                                e - ring of poison resistance

@: exhausted, slowed, drained, very slow, not resistant to hostile enchantments,
unstealthy
A: no striking features
a: no special abilities


You were on level 2 of the Dungeon.
You were hungry.

You visited 1 branch of the dungeon, and saw 2 of its levels.

You collected 120 gold pieces.

Inventory:

Hand weapons
 a - a +1 shortbow (weapon)
 b - a +2 dagger of holy wrath
 m - a +0 short sword
 s - a +2 dagger of draining
 u - a cursed +0 short sword
Missiles
 c - 34 arrows (quivered)
Armour
 d - a +0 leather armour (worn)
Jewellery
 e - a ring of poison resistance (left hand)
 h - a ring of wizardry (right hand)
Scrolls
 f - a scroll of remove curse {unknown}
 i - 5 scrolls of identify {unknown}
 k - 2 scrolls of teleportation {unknown}
 l - a scroll of recharging {unknown}
 n - a scroll of amnesia {unknown}
 q - a scroll of random uselessness {unknown}
 r - a scroll of blinking {unknown}
 v - a scroll of magic mapping {unknown}
Potions
 g - a potion of invisibility {unknown}
 j - 2 potions of curing {unknown}
 p - a potion of agility {unknown}
 t - a potion of magic {unknown}
Comestibles
 o - a chunk of flesh
 w - a meat ration
 z - a bread ration


   Skills:
 - Level 2.0(1.7) Fighting
 + Level 7.3(6.9) Bows
 - Level 2.1(1.9) Dodging
 - Level 1.1(0.8) Stealth


You had 2 spell levels left.
You didn't know any spells.

Dungeon Overview and Level Annotations

Branches:
Dungeon (2/15)

Altars:
Cheibriados
Dithmenos


Message History

You are feeling hungry.
Firing (i - inventory):
c - 36 arrows (quivered)
Press: ? - help, Shift-Dir - straight line, f/p - gnoll
Aim: a gnoll, wielding a spear of chaos You shoot an arrow.
The arrow barely misses the gnoll.
The arrow hits the gnoll.
The gnoll is lightly wounded.
The gnoll hits you from afar with a spear of chaos.
* * * LOW HITPOINT WARNING * * *
The gnoll hits you but does no damage.
You are too injured to fight recklessly!
Firing (i - inventory):
c - 35 arrows (quivered)
Press: ? - help, Shift-Dir - straight line, f/p - gnoll
Aim: a gnoll, wielding a spear of chaos You shoot an arrow.
The arrow hits the gnoll.
The gnoll is moderately wounded.
The gnoll hits you from afar with a spear of chaos!
* * * LOW HITPOINT WARNING * * *
You feel drained.
You die...

#............###
#............###
#..............#
#..............#
#########......>.......#
#.......................
#.......................
#....................##.
#......@.............#..
#....................#..
#...gg......##########..
####(######.# #.. #..(#
### #.. #.≈≈.###.≈....#
#.. ≈.## ≈g##.#..# #..
..# .#### # #.. # .≈# ≈.
#.[


You could see 2 gnolls.

Vanquished Creatures
  An adder (D:2)
  An ooze (D:2)
  3 giant geckos (D:1)
  10 bats
  2 hobgoblins (D:1)
  7 kobolds
  3 giant newts (D:1)
  5 goblins
  7 jackals
  5 rats
44 creatures vanquished.

Notes
Turn   | Place    | Note
--------------------------------------------------------------
     0 | D:1      | kae the High Elf Hunter began the quest for the Orb.
     0 | D:1      | Reached XP level 1. HP: 14/14 MP: 2/2
   111 | D:1      | Reached XP level 2. HP: 10/19 MP: 3/3
   250 | D:1      | Found a snail-covered altar of Cheibriados.
   303 | D:1      | Reached skill level 6 in Bows
   919 | D:1      | Reached XP level 3. HP: 24/24 MP: 4/4
  1258 | D:2      | Found a shadowy altar of Dithmenos.
  1388 | D:2      | Reached skill level 7 in Bows
  1811 | D:2      | HP: 1/24 [gnoll/spear of chaos (7)]
  1811 | D:2      | Slain by a gnoll

Vault maps used:
D:1:      scummos_arrival_checkerplants, st_stairs_7, cheibriados_altar_1
D:2:      grunt_dithmenos_smoke, tgw_xom

Action                   || total
-------------------------++-------
Melee: Short sword       ||    72
       Dagger            ||    62
 Fire: Shortbow          ||    11
 Stab: Sleeping          ||     1
  Eat: Chunk             ||     3
